 Dungeon Crawl Stone Soup version 0.31-a0-984-gbfb7dba898 (webtiles) character file.

Game seed: 17092726430368558325

27615 Conn the Thaumaturge (level 13, -2/84 HPs)
             Began as an Octopode Fire Elementalist on Nov 3, 2023.
             Was a Priest of Sif Muna.
             Hit by a javelin thrown by Urug (21 damage)
             ... on level 1 of the Orcish Mines on Nov 4, 2023.
             The game lasted 01:18:43 (16772 turns).

Conn the Thaumaturge (Octopode Fire Elementalist)  Turns: 16772, Time: 01:18:44

Health: -2/84      AC:  3    Str:  8    XL:     13   Next: 33%
Magic:  20/34      EV: 16    Int: 23    God:    Sif Muna [***...]
Gold:   396        SH:  0    Dex: 13    Spells: 2/29 levels left

rFire   x . .        e - +6 lajatang "Beastbane" {pain, *Noise rPois rC+ SInv}
rCold   + + .        (shield currently unavailable)
rNeg    + . .        x - +2 hood of the Assassin {Detect Stab+ Stlth++}
rPois   +            y - amulet of magic regeneration
rElec   .            b - ring of flight
rCorr   .            N - ring of magical power
SInv    +            P - ring of ice
Will    +....        K - ring "Mafehipt" {Fly rN+ Will+ Int+2}
Stlth   ++++++       (no ring)
HPRegen 0.34/turn    (no ring)
MPRegen 0.64/turn    (no ring)
                     (no ring)

%: no passive effects
@: marked, flying, very slightly contaminated
A: almost no armour, amphibious, 8 rings, camouflage 1, gelatinous body 1,
(nimble swimmer 1), tentacles, sense surroundings 1
a: Renounce Religion, Channel Magic, Forget Spell


You were on level 1 of the Orcish Mines.
You worshipped Sif Muna.
Sif Muna was most pleased with you.
You visited 3 branches of the dungeon, and saw 14 of its levels.
You also visited: Sewer, Ossuary and Gauntlet.

You collected 1252 gold pieces.
You spent 856 gold pieces at shops.

Inventory:

Hand Weapons
 e - the +6 lajatang "Beastbane" (weapon) {pain, *Noise rPois rC+ SInv}
   (You acquired it in an ossuary)

   rC+:       It protects you from cold.
   rPois:     It protects you from poison SInv: It lets you see invisible.
   *Noise:    It may make a loud noise when swung.
 J - a +2 falchion of protection
 Q - the +8 short sword of the Fae God {freeze, Will+}
   (You bought it in a shop on level 10 of the Dungeon)

   Will+:     It increases your willpower.
Missiles
 n - a curare-tipped dart (quivered)
 t - 4 throwing nets
Armour
 x - the +2 hood of the Assassin (worn) {Detect Stab+ Stlth++}
   (You acquired it in an ossuary)

   Detect:    It allows the wearer to sense nearby creatures.
   Stab+:     It allows the wearer to make particularly effective stabbing
   attacks against helpless or unaware enemies with any weapon.
   Stlth++:   It makes you much more stealthy.
 D - an orb of energy
 F - a +0 buckler
Magical Staves
 c - a staff of poison
 q - a staff of air
 u - a staff of cold
Jewellery
 b - a ring of flight (left tentacle)
 i - a ring of fire
 y - an amulet of magic regeneration (around mantle)
 H - the amulet of the Air {Inacc Air Fly rElec RMsl}
   (You found it in a Gauntlet)

   [amulet of nothing]

   Inacc:     It reduces the accuracy of your attacks and spells.
   Air:       It enhances your air magic.
   rElec:     It insulates you from electricity.
   Fly:       It grants you flight.
   RMsl:      It protects you from missiles.
 K - the ring "Mafehipt" (on tentacle) {Fly rN+ Will+ Int+2}
   (You found it in a Gauntlet)

   [ring of positive energy]

   Int+2:     It affects your intelligence (+2).
   rN+:       It protects you from negative energy.
   Will+:     It increases your willpower.
   Fly:       It grants you flight.
 N - a ring of magical power (right tentacle)
 P - a ring of ice (on tentacle)
Wands
 d - a wand of mindburst (11)
 s - a wand of paralysis (9)
 E - a wand of light (8)
 L - a wand of digging (8)
Scrolls
 g - a scroll of fog
 h - 4 scrolls of revelation
 j - 3 scrolls of noise
 k - 3 scrolls of enchant weapon
 p - 4 scrolls of amnesia
 r - 2 scrolls of immolation
 v - 2 scrolls of teleportation
 z - a scroll of poison
 I - 2 scrolls of enchant armour
Potions
 a - a potion of magic
 f - a potion of cancellation
 m - a potion of mutation
 o - 2 potions of might
 A - 2 potions of resistance
 B - 4 potions of curing
 C - 3 potions of enlightenment
 G - a potion of haste


   Skills:
 + Level 6.4 Fighting
 - Level 4.4 Staves
 + Level 7.1 Dodging
 - Level 6.4 Stealth
 - Level 3.7 Shields
 * Level 8.7 Spellcasting
 + Level 8.0 Conjurations
 + Level 5.4 Hexes
 - Level 5.0 Summonings
 - Level 5.0 Translocations
 * Level 8.5 Fire Magic
 * Level 4.1 Ice Magic
 * Level 7.7 Invocations


You had 2 spell levels left.
You knew the following spells:

 Your Spells              Type           Power      Damage    Failure   Level
a - Foxfire               Conj/Fire      100%       2x1d9     1%          1
b - Scorch                Fire           98%        2d9       1%          2
c - Inner Flame           Hex/Fire       42%        N/A       1%          3
d - Flame Wave            Conj/Fire      48%        2d12      2%          4
e - Blink                 Tloc           66%        N/A       1%          2
f - Summon Guardian Gole  Hex/Summ       34%        N/A       2%          3
g - Call Canine Familiar  Summ           33%        N/A       2%          3
h - Summon Small Mammal   Summ           100%       N/A       1%          1
i - Ozocubu's Armour      Ice            43%        N/A       3%          3
j - Metabolic Englaciati  Hex/Ice        24%        N/A       26%         5

Your spell library contained the following spells:

 Spells                   Type           Power      Damage    Failure   Level
 Ensorcelled Hibernation  Hex/Ice        96%        N/A       1%          2
 Jinxbite                 Hex            70%        N/A       1%          2
 Cigotuvi's Dreadful Rot  Necr/Pois/Air  20%        N/A       10%         2
 Volatile Blastmotes      Fire/Tloc      82%        2d16      1%          3
 Manifold Assault         Tloc           33%        N/A       9%          4
 Anguish                  Hex/Necr       11%        N/A       22%         4
 Leda's Liquefaction      Hex/Erth       11%        N/A       22%         4
 Summon Forest            Summ/Tloc      16%        N/A       22%         5
 Summon Mana Viper        Hex/Summ       34%        N/A       22%         5
 Dispel Undead            Necr           10%        3d9       54%         4
 Summon Cactus Giant      Summ           16%        N/A       77%         6
 Lee's Rapid Deconstruct  Erth           5%         3d6*      87%         5
 Bombard                  Conj/Erth      14%        9d3       88%         6
 Simulacrum               Ice/Necr       14%        N/A       99%         6
 Death Channel            Necr           5%         N/A       100%        6


Dungeon Overview and Level Annotations

Branches:
Dungeon (11/15)            Temple (1/1) D:4            Lair (0/5) D:11
    Orc (2/2) D:11            Elf (0/3) Orc:2         Sewer (visited)
Ossuary (visited)         Gauntlet (visited)

Altars:
Ashenzari
Cheibriados
Dithmenos
Elyvilon
Fedhas
Gozag
Hepliaklqana
Kikubaaqudgha
Makhleb
Nemelex Xobeh
Okawaru
Qazlal
Ru
Sif Muna
Trog
Uskayaw
Vehumet
Wu Jian
Xom
Yredelemnul
Zin
The Shining One

Shops:
D:6 (   D:10 *((((   Orc:1 :?:   Orc:2 ([*:(

Annotations:
Orc:1 Urug


Innate Abilities, Weirdness & Mutations

You cannot wear most types of armour.
You are amphibious.
You can wear up to eight rings at the same time.
Your skin changes colour to match your surroundings (Stealth+).
Your rubbery body absorbs attacks. (AC +1, EV +1)
((You are camouflaged when in or above water. (Stealth+)))
You have tentacles for arms and can constrict up to eight enemies at once.
You passively map a small area around you.


Message History

The orc warrior hits you with a +0 hand axe.
* * * LOW HITPOINT WARNING * * *
An orc comes into view. It is wielding a +0 club.
Unknown command.
Unknown command.
Okay, then.
Casting: Flame Wave (dangerous; 2% risk of failure)
Confirm with . or Enter, or press ? or * to list all spells.
You blink.
Your icy armour cracks and falls away as you move.
An orc wizard comes into view. It is wielding a +0 dagger.
Your surroundings suddenly seem different.
Found Wuntom's Book Shoppe.
The orc wizard moves out of view.
You feel ready to blink again.
You start resting.
Urug is nearby!
Casting: Blink (safe; 1% risk of failure)
Confirm with . or Enter, or press ? or * to list all spells.
Okay, then.
Unknown command.
Unknown command.
Okay, then.
Okay, then.
Press: ? - help, v - describe, . - travel
Here: Urug, wielding a +5 great sword, wearing a +3 scale mail of cold resistance and quivering javelins (lightly wounded)
The floor.
Unknown command.
Okay, then.
Okay, then.
Unknown command.
As you read the scroll of fog, it dissolves into smoke.
Aiming: Dig
Press: ? - help, Shift-Dir - straight line, f - you Please select a direction to dig.
There is a cloud of grey smoke here.
The rock shatters into small pieces.
Urug throws a javelin.
The javelin misses you.
Urug throws a javelin.
The javelin pierces through you!!
You die...
Urug says, "One more harpy dead."

##...#.##
#§Oo§.#
#.......##
##o#.##
##...#...#
##§####
##...#.##
##.##
#...####
##.##
##.##
##.## ###
##.##
##.## #@##
###


You could see Urug.

Vanquished Creatures
  An orc warlord (Orc:2)
  A minotaur (Gauntlet)
  Harold (Orc:1)
  Erolcha (D:9)
  An ogre mage (Orc:2)
  4 two-headed ogres
  Erica (D:9)
  A boulder beetle (D:11)
  4 orc high priests (Orc:2)
  Pikel (D:4)
  2 orc knights (Orc:2)
  5 orc sorcerers
  A cyclops (Orc:2)
  Jeremiah (D:6)
  2 unseen horrors (D:10)
  A kobold demonologist (D:10)
  The ghost of kal9871 the Caller, a novice MfSu (D:4)
  3 meliai (Gauntlet)
  4 trolls
  2 wolf spider simulacra (Gauntlet)
  2 hornets
  Prince Ribbit (D:6)
  3 slime creatures (D:9)
  2 wraiths
  A wyvern (D:8)
  4 wargs
  Menkaure (D:6)
  A harpy simulacrum (Gauntlet)
  An acid dragon (D:11)
  A hydra simulacrum (Gauntlet)
  29 orc warriors
  2 ice beasts
  A black bear (D:5)
  5 ogres
  2 centaurs (D:6)
  2 phantoms
  4 kobold brigands
  2 bullfrogs (D:8)
  A scorpion (D:5)
  5 wights (D:8)
  17 killer bees
  5 howler monkeys
  15 orc priests
  A jelly (D:8)
  2 gnoll boudas
  A sleepcap (D:8)
  6 hounds
  Crazy Yiuf (D:2)
  6 iguanas
  25 orc wizards
  3 mummies (Ossuary)
  12 adders
  17 gnolls
  6 river rats (Sewer)
  3 white imps
  4 worms
  A dart slug (D:1)
  69 orcs
  7 ball pythons
  7 bats
  4 endoplasms
  4 giant cockroaches
  A gnoll zombie (Ossuary)
  7 goblins
  6 hobgoblins
  13 jackals
  22 kobolds
  6 quokkas
  7 frilled lizards
  6 goblin zombies (Ossuary)
  5 hobgoblin zombies (Ossuary)
  3 rats
400 creatures vanquished.

Vanquished Creatures (collateral kills)
  15 foxfires
15 creatures vanquished.

Vanquished Creatures (others)
  A two-headed ogre (Orc:2)
  2 orc knights (Orc:2)
  Psyche (D:11)
  An orc wizard (Orc:2)
  1192 foxfires
1197 creatures vanquished.

Grand Total: 1612 creatures vanquished

Notes
Turn   | Place    | Note
-------+----------+-------------------------------------------
     0 | D:1      | Conn the Octopode Fire Elementalist began the quest for the
                  | Orb.
     0 | D:1      | Reached XP level 1. HP: 11/11 MP: 3/3
   243 | D:1      | Reached XP level 2. HP: 17/17 MP: 0/5
   253 | D:1      | Learned a level 2 spell: Scorch
   915 | D:1      | Found a faded altar of an unknown god.
  1228 | D:2      | Reached XP level 3. HP: 21/21 MP: 0/6
  1343 | D:2      | Learned a level 3 spell: Inner Flame
  1734 | D:2      | Found a runed translucent door.
  1735 | D:2      | Noticed Crazy Yiuf
  1740 | D:2      | Killed Crazy Yiuf
  1741 | D:2      | Reached skill level 1 in Hexes
  1741 | D:2      | Reached XP level 4. HP: 27/27 MP: 2/7
  2057 | D:2      | Learned a level 2 spell: Blink
  2249 | D:3      | Reached XP level 5. HP: 31/31 MP: 2/9
  2434 | D:3      | Found a glowing drain.
  2444 | Sewer    | Entered a sewer
  2718 | Sewer    | Reached skill level 1 in Translocations
  3098 | Sewer    | Noticed a kobold brigand
  3103 | Sewer    | Killed a kobold brigand
  3104 | Sewer    | Reached XP level 6. HP: 37/37 MP: 2/10
  3715 | D:3      | Found a shadowy altar of Dithmenos.
  4050 | D:4      | Found an opulent altar of Gozag.
  4055 | D:4      | Found an opulent altar of Gozag.
  4055 | D:4      | Found an opulent altar of Gozag.
  4060 | D:4      | Found an opulent altar of Gozag.
  4123 | D:4      | Found a hazy altar of Hepliaklqana.
  4139 | D:4      | Noticed kal9871's ghost (novice MfSu)
  4140 | D:4      | Found a runed translucent gate.
  4140 | D:4      | Found a runed translucent gate.
  4140 | D:4      | Found a runed translucent gate.
  4175 | D:4      | Found a staircase to the Ecumenical Temple.
  4184 | Temple   | Entered the Ecumenical Temple
  4269 | D:4      | Noticed Pikel
  4277 | D:4      | HP: 1/37 [Pikel/+1 whip of electrocution (17)]
  4292 | D:4      | Killed Pikel
  4293 | D:4      | Reached skill level 1 in Fighting
  4293 | D:4      | Reached skill level 1 in Staves
  4293 | D:4      | Reached XP level 7. HP: 15/43 MP: 1/12
  4513 | D:4      | Reached XP level 8. HP: 49/49 MP: 2/13
  4772 | D:4      | Found a bloodstained altar of Trog.
  4915 | D:4      | Found a bloodstained altar of Trog.
  4917 | D:4      | Found a blossoming altar of Fedhas.
  4917 | D:4      | Found an ancient bone altar of Kikubaaqudgha.
  5089 | D:4      | Found a bloodstained altar of Trog.
  5089 | D:4      | Found a shimmering blue altar of Sif Muna.
  5089 | D:4      | Found a shimmering altar of Xom.
  5163 | D:4      | Gained mutation: You passively map a small area around you.
                  | [potion of mutation]
  5169 | D:4      | Killed kal9871's ghost
  5274 | D:5      | Entered Level 5 of the Dungeon
  5280 | D:5      | Learned a level 4 spell: Flame Wave
  5284 | D:5      | Learned a level 3 spell: Summon Guardian Golem
  5698 | D:5      | Reached skill level 5 in Stealth
  5698 | D:5      | Reached skill level 1 in Summonings
  5941 | D:5      | Reached XP level 9. HP: 52/55 MP: 9/15
  6173 | D:5      | Found a radiant altar of Vehumet.
  6403 | D:6      | Noticed Jeremiah
  6456 | D:6      | Found Raymp's Antique Weapon Shoppe.
  6458 | D:6      | Noticed Menkaure
  6474 | D:6      | Killed Menkaure
  6639 | D:6      | Found an iron altar of Okawaru.
  6754 | D:6      | Noticed a troll
  6763 | D:6      | Killed a troll
  6764 | D:6      | Reached skill level 5 in Conjurations
  6774 | D:6      | Noticed Prince Ribbit
  6784 | D:6      | Killed Prince Ribbit
  6820 | D:6      | Found a sand-covered staircase.
  6828 | Ossuary  | Entered an ossuary
  6864 | Ossuary  | Identified a scroll of acquirement
  6864 | Ossuary  | Acquired the +6 lajatang "Beastbane" {pain, *Noise rPois
                  | rC+ SInv}
  6921 | Ossuary  | Acquired the +2 hood of the Assassin {Detect Stab+ Stlth++}
  6921 | Ossuary  | Found the +2 hood of the Assassin {Detect Stab+ Stlth++}
  7397 | D:6      | Killed Jeremiah
  7398 | D:6      | Reached skill level 5 in Spellcasting
  7631 | D:6      | Reached skill level 5 in Hexes
  7646 | D:6      | Reached skill level 5 in Translocations
  7646 | D:6      | Reached XP level 10. HP: 17/63 MP: 2/17
  8440 | D:6      | Learned a level 3 spell: Call Canine Familiar
  8442 | D:6      | Learned a level 1 spell: Summon Small Mammal
  8500 | D:7      | Found a white marble altar of Elyvilon.
  8748 | D:7      | Reached skill level 1 in Shields
  9919 | D:8      | Reached skill level 5 in Fire Magic
 10454 | D:8      | Found an ornate altar of the Wu Jian Council.
 10515 | D:8      | Found a shimmering blue altar of Sif Muna.
 11127 | D:8      | Became a worshipper of Sif Muna the Loreminder
 11283 | D:9      | Reached skill level 1 in Invocations
 11393 | D:9      | Reached skill level 5 in Dodging
 11669 | D:9      | Noticed Erica
 11678 | D:9      | Killed Erica
 11679 | D:9      | Reached XP level 11. HP: 69/69 MP: 11/20
 11742 | D:9      | Noticed Erolcha
 11750 | D:9      | Killed Erolcha
 11813 | D:9      | Noticed a two-headed ogre
 11821 | D:9      | Killed a two-headed ogre
 12064 | D:10     | Entered Level 10 of the Dungeon
 12065 | D:10     | Found Beidiel's Antique Weapon Boutique.
 12185 | D:10     | Found Hituhimnu's Weapon Shoppe.
 12195 | D:10     | Found Enebrivi's General Store.
 12207 | D:10     | Bought a potion of heal wounds for 50 gold pieces
 12207 | D:10     | Bought a scroll of identify for 20 gold pieces
 12207 | D:10     | Bought a wand of digging (5) for 210 gold pieces
 12507 | D:10     | Found Sicuseov's Antique Weapon Shop.
 12525 | D:10     | Bought a crude short sword for 176 gold pieces
 12525 | D:10     | Identified the +8 short sword of the Fae God {freeze,
                  | Will+} (You bought it in a shop on level 10 of the Dungeon)
 12538 | D:10     | Found Ogiufea's Weapon Shop.
 12576 | D:10     | Reached skill level 5 in Summonings
 13051 | D:11     | Reached * piety under Sif Muna
 13089 | D:11     | Found a gate leading to a gauntlet.
 13118 | D:11     | Found a staircase to the Lair.
 13154 | Gauntlet | Entered a Gauntlet
 13154 | Gauntlet | Found a transporter.
 13157 | Gauntlet | Found a transporter.
 13157 | Gauntlet | Noticed a green death
 13162 | Gauntlet | Noticed a fire crab
 13173 | Gauntlet | Found a transporter.
 13177 | Gauntlet | Found a transporter.
 13201 | Gauntlet | Found a transporter.
 13211 | Gauntlet | Found a transporter.
 13225 | Gauntlet | Found a transporter.
 13251 | Gauntlet | Found the amulet of the Air {Inacc Air Fly rElec RMsl}
 13254 | Gauntlet | Found a transporter.
 13254 | Gauntlet | Found a transporter.
 13263 | Gauntlet | Found a transporter.
 13291 | Gauntlet | Found a transporter.
 13295 | Gauntlet | Found a transporter.
 13302 | Gauntlet | Noticed an orange crystal statue
 13508 | Gauntlet | Learned a level 3 spell: Ozocubu's Armour
 13580 | Gauntlet | Identified the ring "Mafehipt" {Fly rN+ Will+ Int+2}
 13815 | Gauntlet | Noticed a minotaur
 13842 | Gauntlet | Killed a minotaur
 13843 | Gauntlet | Reached skill level 5 in Fighting
 13843 | Gauntlet | Reached skill level 1 in Ice Magic
 14018 | D:11     | Noticed Psyche
 14040 | D:11     | Killed Psyche
 14215 | D:11     | Noticed a boulder beetle
 14230 | D:11     | Killed a boulder beetle
 14231 | D:11     | Reached skill level 5 in Invocations
 14231 | D:11     | Reached XP level 12. HP: 77/77 MP: 17/22
 14508 | D:11     | Found a glowing golden altar of the Shining One.
 14604 | D:11     | Found a staircase to the Orcish Mines.
 14727 | Orc:1    | Entered Level 1 of the Orcish Mines
 14727 | Orc:1    | Noticed Urug
 14727 | Orc:1    | Noticed Harold
 14727 | Orc:1    | Noticed an ettin
 14727 | Orc:1    | Found Pez Abiysch's Magic Scroll Boutique.
 14728 | Orc:1    | Found Koisotiv's Self-Improvement Boutique.
 14730 | Orc:2    | Entered Level 2 of the Orcish Mines
 14730 | Orc:2    | Noticed a two-headed ogre
 14730 | Orc:2    | Found Juufrewo's Weapon Emporium.
 14737 | Orc:2    | Noticed a two-headed ogre
 14744 | Orc:2    | Killed a two-headed ogre
 14744 | Orc:2    | Killed a two-headed ogre
 14744 | Orc:2    | Noticed an ogre mage
 14750 | Orc:2    | Noticed a two-headed ogre
 14754 | Orc:2    | Killed an ogre mage
 14755 | Orc:2    | Noticed a two-headed ogre
 14766 | Orc:2    | Killed a two-headed ogre
 14766 | Orc:2    | Killed a two-headed ogre
 14793 | Orc:2    | Noticed an orc warlord
 14839 | Orc:2    | Killed an orc warlord
 15178 | Orc:2    | Reached ** piety under Sif Muna
 15412 | Orc:2    | Noticed an orc high priest
 15419 | Orc:2    | Killed an orc high priest
 15434 | Orc:2    | Noticed an orc high priest
 15438 | Orc:2    | Noticed a soul eater
 15440 | Orc:2    | Killed an orc high priest
 15741 | Orc:2    | Reached XP level 13. HP: 44/83 MP: 23/25
 16038 | Orc:2    | Found a staircase to the Elven Halls.
 16164 | Orc:2    | Found a shimmering blue altar of Sif Muna.
 16167 | Orc:2    | Reached *** piety under Sif Muna
 16582 | Orc:2    | Found Fauck's Antique Armour Boutique.
 16583 | Orc:2    | Found Byalonuy's Antique Weapon Boutique.
 16585 | Orc:2    | Found Ukaotseh's General Store.
 16585 | Orc:2    | Found Rusa's Book Shop.
 16602 | Orc:2    | Bought a ring of fire for 400 gold pieces
 16609 | Orc:2    | Learned a level 5 spell: Metabolic Englaciation
 16748 | Orc:1    | Killed Harold
 16755 | Orc:1    | Found Wuntom's Book Shoppe.
 16772 | Orc:1    | Hit by a javelin thrown by Urug

Illustrated notes

Levels and vault maps discovered:
D:1:      erik_arrival_blinker_ship, layout_basic,
          hellmonk_ecumenical_altar_pennies_from_heaven
D:2:      layout_loops_ring, uniq_crazy_yiuf_cottage
D:3:      layout_basic, mainiacjoe_overflow_alcove_4, gup_sewer_entry_pipe,
          grunt_ministairs_6
D:4:      layout_rooms, doesnt_xom_only_xom,
          nicolae_gozag_conspicuous_consumption, grunt_temple_overflow_open,
          minmay_temple_entry_wispy, ebering_ghost_rock_garden, uniq_pikel
D:5:      layout_rooms, kennysheep_little_box, minmay_increasing_density
D:6:      layout_basic, kennysheep_okawaru_gauntlet, nicolae_ossuary_entry_plus,
          serial_shops, nicolae_square_shop, kb_lookout_dungeons_type,
          solitary_fountain, uniq_jeremiah, uniq_prince_ribbit1, uniq_menkaure
D:7:      layout_basic, elyvilon_altar_4, dreamdust_gnoll_farm
D:8:      layout_cave_pods, mainiacjoe_overflow_alcove_2, lemuel_tele_altar,
          serial_column_ruins, column_ruins_open_small, column_ruins_grid_1,
          column_ruins_open_tiny, column_ruins_open_medium,
          column_ruins_open_medium_water, minmay_misc_feat_x
D:9:      layout_roguey, minmay_misc_feat_columns, uniq_erica, uniq_erolcha
D:10:     layout_long_grid, serial_shops, nicolae_shop_statue_plus,
          nicolae_shop_just_a_little_nook, nicolae_shop_tiny_statue_garden,
          nicolae_shop_behind_doors, shop
D:11:     layout_basic, lair_entry_dummy, minmay_orc_entry_guard_dogs,
          gauntlet_entry_generic, tso_metal_star, uniq_psyche
Temple:   nicolae_temple_hex_pool
Orc:1:    layout_caves, serial_shops, shop, shop, shop, basic_altar,
          nicolae_shop_self_help, uniq_urug, uniq_harold
Orc:2:    st_orc_congregation, layout_caves, serial_shops, nicolae_shop_stone,
          kennysheep_orc_sif_temple

Skill      XL: |  1  2  3  4  5  6  7  8  9 10 11 12 13 |
---------------+----------------------------------------+-----
Stealth        | 3 4 5 6 |  6.4
Hexes          | 1 2 3 4 5 |  5.4
Conjurations   | 2 3 4 5 6 7 8 |  8.0
Translocations | 1 2 3 5 |  5.0
Spellcasting   | 3 4 5 6 7 8 |  8.7
Dodging        | 3 4 5 6 7 |  7.1
Fighting       | 1 2 3 4 5 6 |  6.4
Staves         | 1 2 4 |  4.4
Fire Magic     | 4 5 6 8 |  8.5
Summonings     | 1 3 4 5 |  5.0
Shields        | 3 |  3.7
Invocations    | 2 5 7 |  7.7
Ice Magic      | 1 3 4 |  4.1

Action                     |  1- 3 |  4- 6 |  7- 9 | 10-12 | 13-15 || total
---------------------------+-------+-------+-------+-------+-------++-------
  Melee: Dagger            |    15 |       |       |       |       ||    15
         Constrict         |     2 |    19 |    14 |     4 |     1 ||    40
         Tentacles         |     2 |    22 |    15 |     4 |       ||    43
         Quarterstaff      |       |    77 |    53 |       |       ||   130
         Punch             |       |     1 |     1 |       |       ||     2
         Lajatang          |       |       |    17 |    28 |     2 ||    47
  Throw: Dart              |       |     1 |     3 |     7 |       ||    11
   Cast: Foxfire           |    40 |    91 |   183 |   315 |    72 ||   701
         Scorch            |     4 |     5 |    20 |    88 |    25 ||   142
         Inner Flame       |       |     2 |     6 |    79 |     8 ||    95
         Blink             |       |       |     2 |     3 |     1 ||     6
         Flame Wave        |       |       |       |    17 |     7 ||    24
         Summon Guardian G |       |       |       |    16 |     1 ||    17
         Ozocubu's Armour  |       |       |       |     4 |     1 ||     5
         Summon Small Mamm |       |       |       |     2 |       ||     2
         Call Canine Famil |       |       |       |     2 |       ||     2
 Invoke: Channel Magic     |       |       |       |     2 |       ||     2
  Evoke: Wand              |       |       |       |     3 |     1 ||     4
    Use: Potion            |       |     2 |     5 |    11 |       ||    18
         Scroll            |       |     1 |    14 |    10 |     2 ||    27
   Stab: Sleeping          |     8 |     7 |     3 |     6 |     1 ||    25
         Paralysed         |       |       |     3 |       |       ||     3
         Distracted        |       |       |     2 |       |       ||     2
 Armour: Skin              |     3 |    22 |   107 |    83 |    24 ||   239
  Dodge: Dodged            |     7 |    22 |    61 |    66 |    12 ||   168

Table legend: (Time is in decaauts)
 A = Elapsed time spent in this place.
 B = Non-inter-level travel time spent in this place.
 C = Inter-level travel time spent in this place.
 D = Time resting spent in this place.
 E = Time spent auto-exploring this place.
 F = Levels seen in this place.
 G = Mean time per level.
                   A        B        C        D        E       F      G
               +--------+--------+--------+--------+--------+-----+--------+
         Total |  16796 |  16034 |    762 |   1288 |  10081 |  17 |  988.0 |
       Dungeon |  12444 |  11682 |    762 |    411 |   8290 |  11 | 1131.3 |
        Temple |     21 |     21 |      0 |      0 |      0 |   1 |   21.0 |
  Orcish Mines |   2045 |   2045 |      0 |    543 |    761 |   2 | 1022.5 |
         Sewer |    970 |    970 |      0 |    113 |    555 |   1 |  970.0 |
       Ossuary |    554 |    554 |      0 |      0 |    318 |   1 |  554.0 |
      Gauntlet |    760 |    760 |      0 |    221 |    157 |   1 |  760.0 |
               +--------+--------+--------+--------+--------+-----+--------+

Top non-repeatable levels by time:
   Orc:2: 1951 daAuts
     D:6: 1548 daAuts
     D:8: 1506 daAuts
     D:4: 1339 daAuts
     D:7: 1238 daAuts
     D:5: 1200 daAuts
     D:1: 1173 daAuts
     D:2: 1043 daAuts
   Sewer: 970 daAuts
     D:9: 932 daAuts
    D:11: 902 daAuts
     D:3: 842 daAuts
Gauntlet: 760 daAuts
    D:10: 717 daAuts
 Ossuary: 554 daAuts
